 Dungeon Crawl Stone Soup version 0.31-a0-845-g9abc20d24f (console) character file.

Game seed: 2909066630636729081

114 petzl the Sneak (level 5, -3/39 (41) HPs)
             Began as a Formicid Delver on Oct 1, 2023.
             Frozen to death by an endoplasm (4 damage)
             ... on level 4 of the Dungeon.
             The game lasted 00:03:33 (469 turns).

petzl the Sneak (Formicid Delver)                    Turns: 469, Time: 00:03:33

HP:   -3/39 (41)    AC:  3    Str: 17    XL:     5   Next: 18%
MP:   9/11          EV: 12    Int: 11    God:
Gold: 38            SH:  0    Dex: 15    Spells: 12/12 levels left

rFire   . . .        a - +0 mace
rCold   . . .        (no shield)
rNeg    . . .        g - +0 leather armour
rPois   .            (helmet unavailable)
rElec   .            (no cloak)
rCorr   .            (no gloves)
SInv    +            (no boots)
Will    .....        (no amulet)
Stlth   +++          (no ring)
HPRegen 0.26/turn    (no ring)
MPRegen 0.12/turn

%: no passive effects
@: lightly drained
A: permanent stasis, dig shafts and tunnels, antennae 3, four strong arms
a: Dig, Shaft Self


You were on level 4 of the Dungeon.
You visited 1 branch of the dungeon, and saw 3 of its levels.

You collected 38 gold pieces.

Inventory:

Hand Weapons
 a - a +0 mace (weapon)
 b - a +0 orcbow
Missiles
 h - 4 poisoned darts
 j - 4 stones
Armour
 g - a +0 leather armour (worn)
Wands
 f - a wand of digging (3)
Scrolls
 c - a scroll of fog
 d - a scroll of revelation
 e - a scroll of fear
Potions
 i - 2 potions of invisibility {unknown}


   Skills:
 + Level 3.4 Fighting
 - Level 2.0 Maces & Flails
 + Level 0.6 Ranged Weapons
 - Level 1.7 Dodging
 - Level 6.0 Stealth
 * Level 4.1 Spellcasting


You had 12 spell levels left.
You didn't know any spells.
Your spell library was empty.

Dungeon Overview and Level Annotations

Branches:
Dungeon (6/15)
 Temple: D:4-7

Altars:
Trog


Innate Abilities, Weirdness & Mutations

You cannot be hasted, slowed, berserked, paralysed or teleported.
You can dig through walls and to a lower floor.
You have a pair of large antennae on your head. (SInv)
Your four strong arms can wield two-handed weapons with a shield.


Message History

You dig through the rock wall.
You feel drained. The hound bites you.
You dig through the rock wall.
You feel drained.
You retract your mandibles.
The hound closely misses you.
You hit the hound but do no damage.
The hound is almost dead.
The hound closely misses you. The hound bites you.
You hit the hound.
You kill the hound!
The hobgoblin closely misses you.
Your Spellcasting skill increases to level 4!
You have reached level 5!
You hit the hobgoblin.
The hobgoblin is almost dead.
The orc hits you from afar with a +0 trident.
The hobgoblin closely misses you. The orc hits you but does no damage.
You sock the hobgoblin!
You kill the hobgoblin!
The orc hits you from afar with a +0 trident.
You hit the endoplasm.
The endoplasm is moderately wounded.
The endoplasm hits you but does no damage.
The orc closely misses you.
You barely miss the endoplasm.
The endoplasm is moderately wounded.
The endoplasm freezes you.
You are frozen.
The orc hits you from afar with a +0 trident!
* * * LOW HITPOINT WARNING * * *
The endoplasm freezes you.
You are frozen.
* * * LOW HITPOINT WARNING * * *
The orc barely misses you.
Okay, then.
The orc attacks as it pursues you!
The orc hits you from afar with a +0 trident.
* * * LOW HITPOINT WARNING * * *
Are you sure you want to shaft yourself?
The endoplasm freezes you.
You are frozen.
You die...

#.# #.# ##..... {
#.# #.....# #.#
...$... #.#
##..,..... . #.#
..# #...####.. #.#
#$# #.........
#@####.###.........
{
#.Jo.......>.)....#
####o#.#.##.#######
#.##{#.##.###...
#.......?........
#.#######......##
#o# #####..# #.#
... #o# ## ,.o# ###


You could see 2 orcs and an endoplasm.

Vanquished Creatures
  A centaur (D:6)
  A hound (D:4)
  A shadow imp (D:5)
  A hobgoblin (D:4)
4 creatures vanquished.

Notes
Turn   | Place    | Note
-------+----------+-------------------------------------------
     0 | D:5      | petzl the Formicid Delver began the quest for the Orb.
     0 | D:5      | Reached XP level 1. HP: 18/18 MP: 1/1
    31 | D:6      | Noticed a centaur
    39 | D:6      | Killed a centaur
    40 | D:6      | Reached XP level 2. HP: 18/24 MP: 1/6
    40 | D:6      | Reached XP level 3. HP: 21/29 MP: 1/8
    40 | D:6      | Reached XP level 4. HP: 26/35 MP: 1/9
   373 | D:5      | Found a bloodstained altar of Trog.
   379 | D:5      | Noticed a wight
   380 | D:5      | Noticed a wight
   411 | D:5      | Noticed a wight
   412 | D:5      | Noticed a wight
   464 | D:4      | Reached XP level 5. HP: 21/39 MP: 9/11
   468 | D:4      | HP: 1/39 [orc/+0 trident (3)]
   469 | D:4      | Frozen to death by an endoplasm

Illustrated notes

Levels and vault maps discovered:
D:4:      layout_loops_ring, nicolae_overflow_hidden_temple,
          overflow_temple_1_default, mainiacjoe_overflow_six_doors_small
D:5:      layout_loops_ring, elyvilon_altar_5, mainiacjoe_overflow_brackets,
          serial_aquarium, aquarium_bridge_straight [aquarium_subvault_bridge,
          aquarium_subvault_balcony, aquarium_subvault_bridge,
          aquarium_subvault_window], aquarium_bridge_straight
          [aquarium_subvault_bridge, aquarium_subvault_wall,
          aquarium_subvault_bridge, aquarium_subvault_wall], aquarium_window_2,
          aquarium_window_fake, aquarium_window_fake, aquarium_view_2g,
          aquarium_view_2a, aquarium_balcony_5a, aquarium_pool_side
D:6:      layout_loops_ring, eat_drink_and_be_merry_uskayaw,
          minmay_temple_entry_hall, lightli_sewer_entry_pipes,
          uniq_crazy_yiuf_cottage

Skill      XL: |  1  2  3  4 |
---------------+-------------+-----
Spellcasting   | 3 4 |  4.1
Fighting       | |  3.4
Maces & Flails | |  2.0
Ranged Weapons | |  0.6
Dodging        | |  1.7
Stealth        | |  6.0

Action                     |  1- 3 |  4- 6 || total
---------------------------+-------+-------++-------
  Melee: Mace              |     6 |    20 ||    26
   Fire: Orcbow            |       |    17 ||    17
Ability: Dig               |       |     2 ||     2
         Shaft Self        |       |     1 ||     1
   Stab: Sleeping          |     1 |       ||     1
 Armour: Leather armour    |     8 |    21 ||    29
  Dodge: Dodged            |    12 |    25 ||    37

Table legend: (Time is in decaauts)
 A = Elapsed time spent in this place.
 B = Non-inter-level travel time spent in this place.
 C = Inter-level travel time spent in this place.
 D = Time resting spent in this place.
 E = Time spent auto-exploring this place.
 F = Levels seen in this place.
 G = Mean time per level.
                   A        B        C        D        E       F      G
               +--------+--------+--------+--------+--------+-----+--------+
         Total |    484 |    457 |     27 |     70 |    115 |   3 |  161.3 |
       Dungeon |    484 |    457 |     27 |     70 |    115 |   3 |  161.3 |
               +--------+--------+--------+--------+--------+-----+--------+

Top non-repeatable levels by time:
     D:5: 284 daAuts
     D:6: 159 daAuts
     D:4: 40 daAuts
